 Dungeon Crawl Stone Soup version 0.13.1-17-g0f9d4ff (webtiles) character file.

507 Lilouch the Covered (level 6, -5/48 HPs)
             Began as a Mummy Fighter on Dec 15, 2013.
             Slain by Eustachio
             ... wielding a +0,+0 sabre
              (6 damage)
             ... on Level 5 of the Dungeon.
             The game lasted 00:11:41 (4500 turns).

Lilouch the Covered (Mummy Fighter)                 Turns: 4500, Time: 00:11:41

HP  -5/48        AC  9     Str 21      XL: 6   Next: 36%
MP   5/5         EV  6     Int  7      God:
Gold 150         SH 19     Dex 11      Spells:  0 memorised,  5 levels left

Res.Fire  : x . .   See Invis. : .   a - +0 trident
Res.Cold  : + . .   Warding    : .   b - +0 scale mail
Life Prot.: + + +   Conserve   : .   x - +0 orc shield
Res.Poison: +       Res.Corr.  : .   (no helmet)
Res.Elec. : .       Clarity    : .   l - +0 cloak
Sust.Abil.: . .     Spirit.Shd : .   (no gloves)
Res.Mut.  : .       Stasis     : .   o - +0 pair of boots
Res.Rott. : +       Flight     : .   (no amulet)
Saprovore : . . .                    (no ring)
                                     (no ring)

@: somewhat resistant to hostile enchantments, extremely unstealthy
A: no food or potions, fire vulnerability, restore body, cold resistance 1, life
protection 3, poison resistance, torment resistance, unbreathing
a: no special abilities


You were on level 5 of the Dungeon.
You were not hungry.

You visited 1 branch of the dungeon, and saw 5 of its levels.

You collected 130 gold pieces.

Inventory:

Hand weapons
 a - a +0,+0 trident (weapon)
 k - a +4,+4 quarterstaff of chaos
 t - a +0 elven blowgun
Missiles
 g - 47 bolts
 i - 15 silver bolts
 m - 17 silver darts (quivered)
 u - 15 poisoned needles
Armour
 b - a +0 scale mail (worn)
 l - a +0 cloak (worn)
 o - a +0 pair of boots (worn)
 x - a +0 orcish shield (worn)
Magical devices
 j - a wand of confusion (9)
 p - a wand of digging (9) {unknown}
Scrolls
 c - a scroll of amnesia {unknown}
 d - 3 scrolls of enchant armour {unknown}
 e - a scroll of blinking {unknown}
 f - a scroll of fear {unknown}
 h - 3 scrolls of remove curse {unknown}
 n - a scroll of enchant weapon II {unknown}
 q - a scroll of fog {unknown}
 r - a scroll of identify {unknown}
 s - 3 scrolls of enchant weapon I {unknown}
 v - a scroll of curse armour {unknown}
 w - 2 scrolls of recharging {unknown}
Jewellery
 y - a +2 ring of protection {unknown}


   Skills:
 - Level 3.0 Fighting
 + Level 2.9 Polearms
 * Level 4.6 Armour
 + Level 3.6 Shields


You had 5 spell levels left.
You didn't know any spells.

Dungeon Overview and Level Annotations

Branches:
Dungeon (5/27)
 Temple: D:4-7

Altars:
Makhleb

Shops:
D:4 /

Annotations:
D:2 Sigmund
D:5 Eustachio, Pikel


Innate Abilities, Weirdness & Mutations

You do not eat or drink.
Your flesh is vulnerable to fire.
Your flesh is cold resistant.
You are immune to negative energy.
Your system is resistant to poisons.
You are immune to unholy pain and torment.
You can survive without breathing.


Message History

You block the quokka's attack. Eustachio hits you with a sabre.
The grey rat bites you but does no damage.
Unknown command.
You closely miss the grey rat. The quokka bites you.
The quokka bites you but does no damage.
The grey rat bites you.
* * * LOW HITPOINT WARNING * * *
Eustachio hits you but does no damage. The quokka barely misses you.
The quokka bites you.
* * * LOW HITPOINT WARNING * * *
You closely miss the grey rat. The grey rat bites you.
* * * LOW HITPOINT WARNING * * *
Eustachio hits you but does no damage. The quokka bites you.
* * * LOW HITPOINT WARNING * * *
The quokka barely misses you.
Unknown command.
You hit the grey rat.
The grey rat is moderately wounded.
You block the grey rat's attack. Eustachio hits you with a sabre.
You die...

..?$...............#
######..#.######...#
##....# #...# #.....#
#...# ##....######...#
##.#..........#
#.##########.# #r# #.#
##@## ##.#### ##@rr##
#.....# ##5rb5.##
#..#..# #..r5...##
##..#..#
#.........####...#..##
.'......!..'...........
##.........####...#..##
##.......## ##.....#
##.....## #.#...#


You could see Eustachio, 2 iron imps, a crimson imp, a grey rat, 2 quokkas, a
bat and 2 rats.

Vanquished Creatures
  Crazy Yiuf (D:2)
  A scorpion (D:4)
  2 hounds
  A giant frog zombie (D:5)
  An iguana (D:5)
  2 worker ants
  Jessica (D:3)
  4 adders
  2 worms
  6 orcs
  12 bats
  3 giant cockroaches
  11 hobgoblins
  8 jackals
  10 kobolds
  3 quokkas
  A ball python (D:3)
  4 giant geckos
  4 giant newts
  5 goblins
  A jackal zombie (D:5)
  5 rats
88 creatures vanquished.

Notes
Turn   | Place    | Note
--------------------------------------------------------------
     0 | D:1      | Lilouch, the Mummy Fighter, began the quest for the Orb.
     0 | D:1      | Reached XP level 1. HP: 18/18 MP: 0/0
   443 | D:1      | Reached XP level 2. HP: 24/24 MP: 1/1
   903 | D:2      | Reached XP level 3. HP: 16/30 MP: 2/2
  1349 | D:2      | Reached XP level 4. HP: 26/36 MP: 3/3
  1662 | D:2      | Noticed Crazy Yiuf
  1681 | D:2      | Killed Crazy Yiuf
  1850 | D:2      | Found a burning altar of Makhleb.
  1853 | D:2      | Noticed Sigmund
  2034 | D:3      | Reached XP level 5. HP: 34/41 MP: 4/4
  2042 | D:3      | Noticed Jessica
  2059 | D:3      | Killed Jessica
  2173 | D:3      | You fall through a shaft!
  2173 | D:5      | Entered Level 5 of the Dungeon
  2199 | D:5      | Reached skill level 4 in Armour
  2200 | D:5      | Noticed a sky beast
  2630 | D:5      | Noticed a slave
  2631 | D:5      | Noticed Pikel
  2631 | D:5      | Noticed a slave
  2631 | D:5      | Noticed a slave
  2632 | D:5      | Noticed a slave
  2693 | D:4      | Reached XP level 6. HP: 15/48 MP: 5/5
  3036 | D:4      | Found Stuom's Magical Wand Emporium.
  4440 | D:5      | Noticed Eustachio
  4499 | D:5      | HP: 1/48 [quokka[Eustachio] (4)]
  4500 | D:5      | Slain by Eustachio

Action                   |  1- 3 |  4- 6 || total
-------------------------+-------+-------++-------
Melee: Trident           |   113 |   319 ||   432
